 Dungeon Crawl Stone Soup version 0.28.0-53-g5a82cb258f (webtiles) character file.

Game seed: 15995350016411127150

61 infcreate the Sneak (level 3, -4/19 HPs)
             Began as a Vampire Enchanter on July 28, 2022.
             Slain by Terence
             ... wielding a +0 flail
              (7 damage)
             ... on level 2 of the Dungeon.
             The game lasted 00:03:40 (1572 turns).

infcreate the Sneak (Vampire Enchanter)             Turns: 1572, Time: 00:03:40

Health: -4/19      AC:  2    Str:  7    XL:     3   Next: 83%
Magic:  3/6        EV: 13    Int: 17    God:
Gold:   63         SH:  0    Dex: 16    Spells: 1/6 levels left

rFire   . . .      SeeInvis +   a - +1 dagger
rCold   + + .      Faith    .   (no shield)
rNeg    + + +      Spirit   .   b - +0 robe
rPois   ∞          Reflect  .   (no helmet)
rElec   .          Harm     .   (no cloak)
rCorr   .          Rampage  .   (no gloves)
Will    .....                   (no boots)
Stlth   +++++.....              (no amulet)
HPRegen 0.00/turn               (no ring)
MPRegen 0.10/turn               (no ring)

@: bloodless, inhibited regen
A: bloodless, fangs 3, see invisible, vampiric 2
a: Bat Form, Revivify


You were on level 2 of the Dungeon.
You visited 1 branch of the dungeon, and saw 2 of its levels.

You collected 63 gold pieces.


Innate Abilities, Weirdness & Mutations

You do not regenerate when monsters are visible.
You are frail without blood (-20% HP).
You can heal yourself when you bite living creatures.
You are immune to poison.
You have razor-sharp teeth.
You have supernaturally acute eyesight. (SInv)
You are afflicted with vampirism and can become a bat while bloodless.


   Skills:
 + Level 2.0 Short Blades
 + Level 2.8 Dodging
 + Level 5.2 Stealth
 + Level 2.4 Spellcasting
 + Level 5.0 Hexes


You had one spell level left.
You knew the following spells:

 Your Spells              Type           Power      Damage    Failure   Level
c - Confusing Touch       Hex            19%        N/A       7%          3
e - Ensorcelled Hibernat  Hex/Ice        20%        N/A       10%         2

Your spell library contained the following spells:

 Spells                   Type           Power      Damage    Failure   Level
 Tukima's Dance           Hex            19%        N/A       7%          3
 Dazzling Flash           Conj/Hex       20%        N/A       21%         3
 Portal Projectile        Hex/Tloc       20%        N/A       21%         3
 Call Canine Familiar     Summ           2%         N/A       50%         3
 Leda's Liquefaction      Hex/Erth       5%         N/A       54%         4

Inventory:

Hand Weapons
 a - a +1 dagger (weapon)
Armour
 b - a +0 robe (worn)
Scrolls
 e - a scroll of teleportation {unknown}
 g - 2 scrolls of identify {unknown}
 h - 3 scrolls of fog {unknown}
Potions
 c - a potion of invisibility
 d - a potion of lignification {unknown}
 f - a potion of curing {unknown}
 i - a potion of flight {unknown}
 j - 2 potions of cancellation {unknown}
 k - a potion of degeneration {unknown}
 l - a potion of heal wounds {unknown}

Dungeon Overview and Level Annotations

Branches:
Dungeon (2/15)

Altars:
Fedhas

Shops:
D:1 *

Annotations:
D:2 Terence

..#.###.##.##.##.#
#.# ....#
#.###...##.# #<#
.##.###.##.##.##.#
#.#
.##.....#.###.##..
..# .####..#.##
#.#### #### .#
#.#..# #....# .#
#.##.# ####.# .#
#.##.# #@# .##
#.##.# #@#
.(###.##.# #.#
......##.# #.#
..#####(.# #.#
..####.#.#######.#
......###........#
.......#>#########
..#####.## ### ###


You could see Terence (confused).


Message History

Casting: Ensorcelled Hibernation (safe; 10% risk of failure)
Confirm with . or Enter, or press ? or * to list all spells.
The spell is extremely dangerous to miscast (7% risk of failure)!
Continue anyway?
Your hands begin to glow red.
Terence hits you with a +0 flail!
Ouch! That really hurt!
* * * LOW HITPOINT WARNING * * *
You hit Terence but do no damage.
Terence appears confused.
Your bite misses Terence. Terence misses you.
You hit Terence but do no damage. Your punch misses Terence.
Terence barely misses himself.
You strike the helpless Terence from behind!
You bite Terence, and draw his blood!
You feel better.
You puncture Terence!
Terence is severely wounded.
You hit Terence but do no damage.
Terence is severely wounded.
Terence closely misses you.
You hit Terence but do no damage.
Terence is severely wounded.
You hit Terence but do no damage. Your bite misses Terence.
Terence is severely wounded.
You hit Terence but do no damage.
Terence is severely wounded.
You barely miss Terence.
Terence is severely wounded.
Terence hits you with a +0 flail.
* * * LOW HITPOINT WARNING * * *
You hit Terence.
Terence is severely wounded.
Terence hits you with a +0 flail!
You die...

Skill      XL: |  1  2  3 |
---------------+----------+-----
Stealth        | 5 |  5.2
Short Blades   | 2 |  2.0
Hexes          | 5 |  5.0
Dodging        | |  2.8
Spellcasting   | |  2.4

Action                   || total
-------------------------++-------
Melee: Dagger            ||    57
       Bite              ||     3
 Cast: Ensorcelled Hiber ||    11
       Confusing Touch   ||     1
 Abil: Exsanguinate      ||     1
 Stab: Sleeping          ||    26
       Confused          ||     1
Armor: Robe              ||     2
Dodge: Dodged            ||    32

Levels and vault maps discovered:
D:1:      amcnicky_arrival_choice, layout_basic, serial_shops, shop
D:2:      layout_loops_ring, basic_altar, minmay_misc_feat_four_crosses,
          minmay_puff, uniq_terence

Notes
Turn   | Place    | Note
-------+----------+-------------------------------------------
     0 | D:1      | infcreate the Vampire Enchanter began the quest for the
                  | Orb.
     0 | D:1      | Reached XP level 1. HP: 13/13 MP: 3/3
   215 | D:1      | Found Juufu's General Store.
   292 | D:1      | Reached XP level 2. HP: 15/15 MP: 5/5
   295 | D:1      | Learned a level 2 spell: Ensorcelled Hibernation
   690 | D:1      | Gained mutation: You are afflicted with vampirism and can
                  | become a bat while bloodless. [Vampire growth]
   690 | D:1      | Reached XP level 3. HP: 19/19 MP: 6/6
   709 | D:1      | Reached skill level 5 in Stealth
  1055 | D:1      | Learned a level 3 spell: Confusing Touch
  1208 | D:2      | Reached skill level 2 in Short Blades
  1262 | D:2      | Found a blossoming altar of Fedhas.
  1320 | D:2      | Reached skill level 5 in Hexes
  1557 | D:2      | Noticed Terence
  1572 | D:2      | Slain by Terence

Vanquished Creatures
  2 gnolls (D:1)
  3 worms (D:2)
  4 ball pythons
  6 bats
  4 endoplasms
  2 giant cockroaches (D:2)
  2 goblins
  4 hobgoblins (D:1)
  2 jackals (D:1)
  A frilled lizard (D:1)
  2 kobolds
  2 rats
34 creatures vanquished.

Table legend: (Time is in decaauts)
 A = Elapsed time spent in this place.
 B = Non-inter-level travel time spent in this place.
 C = Inter-level travel time spent in this place.
 D = Time resting spent in this place.
 E = Time spent auto-exploring this place.
 F = Levels seen in this place.
 G = Mean time per level.
                   A        B        C        D        E       F      G
               +--------+--------+--------+--------+--------+-----+--------+
         Total |   1566 |   1369 |    197 |     19 |   1017 |   2 |  783.0 |
       Dungeon |   1566 |   1369 |    197 |     19 |   1017 |   2 |  783.0 |
               +--------+--------+--------+--------+--------+-----+--------+

Top non-repeatable levels by time:
     D:1: 1075 daAuts
     D:2: 491 daAuts

Table legend:
 A = Non-vault XP
 B = Vault XP
 C = Vault XP percentage of total XP
 D = Non-vault monster count
 E = Vault monster count
 F = Vault count percentage of total count
                 A         B        C        D         E       F
            +---------+---------+-------+---------+---------+-------
      Total |      88 |       0 |   0.0 |      34 |       0 |   0.0
            +---------+---------+-------+---------+---------+-------
        D:1 |      62 |       0 |   0.0 |      23 |       0 |   0.0
        D:2 |      26 |       0 |   0.0 |      11 |       0 |   0.0
            +---------+---------+-------+---------+---------+-------
